Match 28150101
Unlisted

Match 28150101
End
Construct Barracks
Selects Airborne Battlegroup
Selects Pathfinders
Riflemen Squad
Pathfinder Squad
Riflemen Squad
Riflemen Squad
Infantry Support Center
Selects Paratrooper Squad Paradrop
M1918 Browning Automatic Rifles
Construct Medical Station
Grenade Package
Selects Anti-tank Gun Team Paradrop
Anti-tank Gun Team Paradrop
Anti-tank Gun Team Paradrop
Riflemen Squad
Construct Tank Depot
Anti-tank Gun Team Paradrop
Selects Smoke Bombing Run
Selects Supply Drop
M4(105) Sherman Bulldozer
Anti-tank Gun Team Paradrop
Anti-tank Gun Team Paradrop
Selects Dual P-47 Rocket Strike
Supply Drop
M4A1 Sherman Medium Tank
Supply Drop
Dual P-47 Rocket Strike
Ares
Dumbass
sniper shot reduces your mom lif
CAuMOH
0
0

Comments sign in to comment!

No comments posted yet!